AoeStats
← Starcrazy360

Arabia

509462485Analyzed
4v4 RM · 7d ago on Sep 26, 2026· 64m 29s· 8 players
Game mode
Random Map
Map size
Large (8 player)
Population
200
Speed
Normal
Resources
Standard
Victory
Conquest
Starting age
Dark Age
Ending age
Imperial Age
RankedLock teamsTeams togetherTeam positionsShared explorationLock speedFull tech treeHidden civsTurbo modeCheats
Victory
Defeat
🇦🇷 Japanese · Argentina
980
+16
🇵🇱 Persians · Poland
980
+16
🇲🇽 Teutons · Mexico
979
+16
🇦🇷 Hindustanis · Argentina
951
+17
🇬🇧 Huns · United Kingdom
1024
-18
🇮🇹 Magyars · Italy
1013
-18
🇮🇹 Khmer · Italy
981
-16
🇮🇹 Vietnamese · Italy
910
-13
Starcrazy360
0:26 Loom
10:08 Feudal Age
10:34 Double-Bit Axe
18:12 Castle Age
24:31 Bow Saw
29:38 Forging
29:32 Scale Mail Armor
32:18 Iron Casting
32:25 Wheelbarrow
34:38 Imperial Age
31:45 Man-at-Arms
32:10 Gambesons
32:26 Squires
32:12 Arson
32:50 Horse Collar
32:52 Long Swordsman
33:59 Fletching
35:12 Bodkin Arrow
37:31 Blast Furnace
35:57 Two-Handed Swordsman
37:05 Champion
39:01 Chain Mail Armor
54:01 Cavalier
54:52 Bloodlines
54:59 Scale Barding Armor
55:24 Paladin
56:33 Chain Barding Armor
Producto.Machete
0:40 Loom
10:00 Feudal Age
10:19 Man-at-Arms
11:19 Arson
12:02 Double-Bit Axe
11:59 Horse Collar
15:06 Fletching
20:29 Forging
20:26 Scale Barding Armor
22:27 Padded Archer Armor
24:57 Wheelbarrow
28:31 Castle Age
29:14 Bodkin Arrow
29:31 Bow Saw
29:32 Gold Mining
30:21 Iron Casting
32:41 Town Watch
34:46 Yasama
40:01 Guard Tower
40:12 Murder Holes
41:36 Stone Mining
43:55 Hand Cart
44:32 Gold Shaft Mining
44:23 Treadmill Crane
45:01 Scale Mail Armor
48:15 Squires
48:31 Chain Mail Armor
49:15 Leather Archer Armor
48:55 Pikeman
53:29 Imperial Age
53:51 Halberdier
55:03 Plate Mail Armor
54:06 Elite Skirmisher
56:10 Conscription
56:56 Two-Man Saw
57:06 Kataparuto
57:08 Heavy Plow
57:36 Ballistics
58:57 Thumb Ring
60:36 Town Patrol
61:44 Chemistry
62:43 Blast Furnace
61:44 Bracer
62:37 Hoardings
hernan.rataj
10:06 Feudal Age
10:35 Double-Bit Axe
11:00 Loom
18:36 Castle Age
20:30 Fletching
26:51 Bodkin Arrow
27:11 Scale Mail Armor
27:39 Horse Collar
29:21 Wheelbarrow
31:11 Heavy Plow
31:24 Bow Saw
31:12 Gold Mining
32:27 Hand Cart
34:35 Ballistics
34:11 Man-at-Arms
35:22 Stone Mining
35:51 Murder Holes
36:10 Masonry
35:54 Town Watch
35:32 Long Swordsman
37:25 Pikeman
38:44 Squires
38:57 Fortified Wall
38:44 Murder Holes
39:54 Gold Shaft Mining
40:30 Grand Trunk Road
43:24 Imperial Age
41:32 Elite Skirmisher
43:03 Caravan
43:34 Forging
43:24 Scale Mail Armor
43:29 Scale Barding Armor
43:27 Padded Archer Armor
43:21 Arson
43:08 Light Cavalry
43:58 Bloodlines
43:49 Husbandry
45:38 Conscription
45:55 Hoardings
46:06 Hoardings
44:57 Two-Handed Swordsman
48:46 Two-Man Saw
49:31 Elite Ghulam
53:07 Stone Shaft Mining
52:15 Hussar
56:11 Champion
57:49 Coinage
60:41 Champion
61:25 Champion
InGlory
9:26 Feudal Age
10:46 Loom
20:37 Castle Age
21:09 Horse Collar
21:18 Double-Bit Axe
24:47 Scale Barding Armor
24:53 Forging
28:43 Chain Barding Armor
30:49 Iron Casting
39:02 Imperial Age
38:37 Heavy Camel Rider
41:10 Chemistry
42:16 Plate Barding Armor
42:41 Blast Furnace
47:22 Caravan
52:18 Light Cavalry
53:08 Bloodlines
Maurizio il Brocco
4:46 Loom
7:44 Feudal Age
19:22 Castle Age
18:33 Bloodlines
19:29 Double-Bit Axe
21:22 Husbandry
24:27 Scale Barding Armor
31:29 Bow Saw
36:19 Wheelbarrow
38:15 Imperial Age
37:04 Town Watch
37:51 Forging
40:48 Hand Cart
40:07 Cavalier
45:12 Fletching
SirMacca82
7:15 Loom
10:17 Feudal Age
17:01 Double-Bit Axe
24:51 Castle Age
27:42 Bow Saw
29:18 Gold Mining
29:46 Scale Barding Armor
31:01 Husbandry
30:22 Light Cavalry
32:57 Gold Shaft Mining
37:22 Horse Collar
39:06 Wheelbarrow
40:09 Hand Cart
40:45 Heavy Plow
43:27 Imperial Age
42:21 Stone Mining
43:33 Chain Barding Armor
43:05 Fletching
43:15 Padded Archer Armor
44:20 Ballistics
43:52 Cavalier
45:33 Paladin
46:56 Parthian Tactics
48:14 Plate Barding Armor
47:35 Bodkin Arrow
47:55 Leather Archer Armor
47:50 Siege Engineers
48:13 Corvinian Army
50:10 Bloodlines
49:34 Hussar
58:03 Two-Man Saw
yosgar
7:04 Loom
9:30 Feudal Age
10:28 Double-Bit Axe
15:38 Bloodlines
21:50 Castle Age
20:30 Scale Barding Armor
20:17 Fletching
21:27 Gold Mining
23:01 Bodkin Arrow
23:17 Forging
23:27 Chain Barding Armor
24:16 Husbandry
28:21 Padded Archer Armor
31:10 Wheelbarrow
33:30 Iron Casting
33:11 Leather Archer Armor
33:07 Thumb Ring
33:43 Ballistics
34:20 Bow Saw
33:53 Horse Collar
36:03 Hand Cart
35:33 Town Watch
43:29 Imperial Age
41:44 Light Cavalry
44:51 Gold Shaft Mining
44:07 Stone Mining
45:36 Parthian Tactics
45:14 Bracer
46:14 Blast Furnace
45:50 Plate Barding Armor
46:04 Plate Barding Armor
46:07 Hussar
48:21 Chemistry
48:32 Cavalier
50:39 Heavy Cavalry Archer
55:43 Coinage
Andre#1
6:59 Loom
9:19 Feudal Age
10:23 Double-Bit Axe
10:21 Horse Collar
12:34 Gold Mining
17:59 Padded Archer Armor
21:29 Castle Age
21:49 Elite Skirmisher
22:35 Thumb Ring
22:49 Bow Saw
22:58 Heavy Plow
24:02 Crossbowman
26:15 Fletching
29:43 Leather Archer Armor
29:24 Bodkin Arrow
39:11 Ballistics
49:46 Imperial Age
Connection lost

Rejoining the realm…

Still unreachable

The connection could not be restored.

Session expired

The server has moved on; the page needs a fresh start.